 Dungeon Crawl Stone Soup version 0.26.1-11-gd32895ea62 (webtiles) character file.

Game seed: 10434148515046327890

23 promet the Magician (level 2, -6/19 HPs)
             Began as a Vampire Hedge Wizard on June 8, 2021.
             Mangled by Sigmund
             ... wielding a +0 scythe
              (11 damage)
             ... on level 2 of the Dungeon.
             The game lasted 00:08:17 (1388 turns).

promet the Magician (Vampire Hedge Wizard)          Turns: 1388, Time: 00:08:18

Health: -6/19      AC:  3    Str:  9    XL:     2   Next: 72%
Magic:  0/6        EV: 13    Int: 16    God:
Gold:   80         SH:  0    Dex: 13    Spells: 5/8 levels left

rFire    . . .     SeeInvis +   a - +0 short sword
rCold    . . .     Faith    .   (no shield)
rNeg     . . .     Spirit   .   b - +0 robe
rPois    .         Reflect  .   c - +0 hat
rElec    .         Harm     .   l - +0 cloak
rCorr    .         Rampage  .   (no gloves)
Will     .....                  (no boots)
Stlth    +.........             (no amulet)
HPRegen  0.26/turn              (no ring)
MPRegen  0.10/turn              (no ring)

@: confused, regenerating quickly
A: fangs 3, see invisible, unbreathing
a: Exsanguinate


You were on level 2 of the Dungeon.
You visited 1 branch of the dungeon, and saw 2 of its levels.

You collected 80 gold pieces.

Inventory:

Hand Weapons
 a - a +0 short sword (weapon)
 g - a +0 dagger
Missiles
 d - 21 sling bullets
 e - 24 stones
 f - 16 arrows
 m - 27 bolts
Armour
 b - a +0 robe (worn)
 c - a +0 hat (worn)
 l - a +0 cloak (worn)
Scrolls
 h - 2 scrolls of teleportation
 i - a scroll of identify
Potions
 j - a potion of berserk rage
 k - a potion of magic {unknown}
 n - 3 potions of curing {unknown}


   Skills:
 * Level 0.3 Fighting
 + Level 0.3 Short Blades
 + Level 2.4 Dodging
 + Level 3.1 Stealth
 + Level 3.5 Spellcasting
 + Level 0.6 Conjurations
 + Level 1.0 Summonings
 + Level 0.7 Translocations


You had 5 spell levels left.
You knew the following spells:

 Your Spells              Type           Power        Failure   Level
a - Magic Dart            Conj           20%          14%         1
b - Call Imp              Summ           6%           19%         2

Your spell library contained the following spells:

 Spells                   Type           Power        Failure   Level
 Blink                    Tloc           N/A          21%         2
 Slow                     Hex            2%           26%         2
 Conjure Flame            Conj/Fire      3%           43%         3
 Mephitic Cloud           Conj/Pois/Air  3%           43%         3


Dungeon Overview and Level Annotations

Branches:
Dungeon (2/15)

Altars:
Okawaru

Annotations:
D:2 Sigmund


Innate Abilities, Weirdness & Mutations

Your natural rate of healing is unusually fast.
You have razor-sharp teeth.
You have supernaturally acute eyesight. (SInv)
You can survive without breathing.


Message History

Sigmund closely misses you.
Casting: Magic Dart (safe; 14% risk of failure)
Confirm with . or Enter, or press ? or * to list all spells.
Aiming: Magic Dart (safe; 14% risk of failure)
Press: ? - help, Shift-Dir - straight line, f/p - Sigmund
Aim: Sigmund, wielding a +0 scythe and wearing a +0 robe (almost dead, slightly transparent, 0% to evade)
The magic dart hits Sigmund.
Sigmund is almost dead.
Sigmund giggles. "Time to reap what you sow."
Sigmund casts a spell at you.
You are confused.
You hit Sigmund but do no damage.
Sigmund is almost dead.
Sigmund closely misses you.
You bump into the rock wall.
You miss Sigmund.
Sigmund is almost dead.
Sigmund hits you with a +0 scythe!
Ouch! That really hurt!
You die...

** *,,,,* #.# #.## * **,,,*
#.# #..####### ***** #.#
##.......# * #.# #..#####.#
* ##.## ##.....##.# *
*########...####...#.....##
*
*.................###.....#
*
*.#######...##............#
* *,* #...###@.#.).).#...#
* *,* #.### #@##.._..##..#
* *,* #.# #..#.).).#..## *
*,* #.# #...........# * *,*
#.# ##...###...## *,* #[#
##...#...## *,* #.#
##.....## #.######.##
##.#### #.........# *#.#


You could see Sigmund (invisible).

Vanquished Creatures
  3 bats (D:1)
  2 goblins (D:1)
  2 hobgoblins (D:1)
  A jackal (D:1)
  A frilled lizard (D:1)
  3 kobolds (D:1)
  2 rats (D:1)
14 creatures vanquished.

Vanquished Creatures (collateral kills)
  A worm (D:2)
  A goblin (D:1)
  2 jackals (D:1)
  4 kobolds
8 creatures vanquished.

Grand Total: 22 creatures vanquished

Notes
Turn   | Place    | Note
-------+----------+-------------------------------------------
     0 | D:1      | promet the Vampire Hedge Wizard began the quest for the
                  | Orb.
     0 | D:1      | Reached XP level 1. HP: 13/13 MP: 4/4
   400 | D:1      | Reached XP level 2. HP: 19/19 MP: 0/6
   403 | D:1      | Learned a level 2 spell: Call Imp
  1302 | D:2      | Found an iron altar of Okawaru.
  1341 | D:2      | Noticed Sigmund
  1388 | D:2      | Mangled by Sigmund

Illustrated notes

Levels and vault maps discovered:
D:1:      lightli_arrival_statue_moat, layout_rooms,
          hangedman_abyss_or_decor_stabs
D:2:      layout_loops_ring, makhleb_blood_cavern_becter,
          okawaru_ov_weapons_minmay, uniq_sigmund

Action                   || total
-------------------------++-------
Melee: Dagger            ||    21
       Short sword       ||    11
       Bite              ||     2
 Cast: Magic Dart        ||    27
       Call Imp          ||     9
  Use: Scroll            ||     8
Armor: Robe              ||     4
Dodge: Dodged            ||    33
